Description

Similar to old 4gate semi all in but with 3 gate. Used in Parting vs Bunny in GSL group D Winners match 1

VOD

https://youtu.be/biic4uxjwFg?t=5338

Build Order

Get SALT Encoding   

  12  0:01  Probe  
  13  0:13  Probe  
  14  0:17  Pylon  
  14  0:25  Probe (Chrono Boost)  
  15  0:35  Gateway  
  15  0:37  Probe (Chrono Boost)  
  16  0:46  Probe (Chrono Boost)  
  16  0:47  Assimilator  
  16  0:46  Probe  
  18  1:04  Probe  
  19  1:16  Probe  
  20  1:24  Cybernetics Core  
  20  1:35  Nexus  
  20  1:40  Pylon  
  20  1:42  Probe  
  21  1:49  Assimilator  
  21  1:54  Probe  
  21  1:57  Adept (Chrono Boost)  
  21  2:00  Warp Gate  
  25  2:17  Adept (Chrono Boost)  
  28  2:28  Twilight Council  
  32  2:52  Gateway x2  
  34  3:00  Stalker  
  35  3:12  Blink (Chrono Boost)  
  40  3:30  Robotics Facility  
  40  3:45  Pylon  
  40  3:47  Observer  
  43  3:52  Stalker  
  46  4:01  Pylon  
  46  4:08  Warp Prism (Chrono Boost)  
  49  4:16  Stalker x2  
  51  4:22  Pylon  
  53  4:24  Stalker  
  53  4:30  Assimilator  
  55  4:33  Stalker  
  59  4:40  Stalker  
  61  4:48  Stalker  
  64  5:03  Stalker  
  72  5:28  Nexus  
Spawning Tool Build Advisor. Get it on Overwolf

Analysis

Its a loose guide, I tried to copy it as best I could from the youtube vid of the game but it doesn't take into account losing units. Maybe you could optimize it some in a stress free environment but the order is correct and its close enough to what most players should be able to do.

Go to:

Details

  • Created by: diecesar
  • Published on: Sep 12, 2021
  • Modified on: Sep 12, 2021
  • Patch: 4.11.0
  • Difficulty: Medium
Show
View Real Time Build Order
Export as new Build Order

Comments (0)

There are no comments. Be the first!

Create an account to comment!